 Dungeon Crawl Stone Soup version 0.31-a0-521-gc7390f8997 (webtiles) character file.

Game seed: 10586063362099827526

376 mopl the Ruffian (level 6, -3/41 HPs)
             Began as an Octopode Shapeshifter on Aug 10, 2023.
             Was a Follower of Uskayaw.
             Slain by a kobold brigand
             ... wielding a +0 short sword
              (4 damage)
             ... in a sewer.
             The game lasted 00:03:31 (2147 turns).

mopl the Ruffian (Octopode Shapeshifter)            Turns: 2147, Time: 00:03:31

Health: -3/41      AC:  5    Str: 12 (15) XL:     6   Next: 73%
Magic:  7/7        EV: 13    Int:  8 (10) God:    Uskayaw [*.....]
Gold:   138        SH:  0    Dex: 12 (14) Spells: 5/5 levels left

rFire   . . .        l - +2 quarterstaff (spect)
rCold   + . .        (shield currently unavailable)
rNeg    . . .        (helmet currently unavailable)
rPois   .            (no amulet)
rElec   .            i - ring of protection from cold
rCorr   .            u - +4 ring of protection
SInv    .            (no ring)
Will    .....        (no ring)
Stlth   ++           (no ring)
HPRegen 0.26/turn    (no ring)
MPRegen 0.10/turn    (no ring)
                     (no ring)

%: no passive effects
@: beast-form, slowed, very slow
A: beast (slay +2), almost no armour, amphibious, 8 rings, camouflage 1,
gelatinous body 1, (nimble swimmer 1), tentacles
a: Begin Untransformation, Renounce Religion, Stomp


You were in a sewer.
You worshipped Uskayaw.
Uskayaw was noncommittal.
You were a hulking beast.
You visited 1 branch of the dungeon, and saw 4 of its levels.
You also visited: Sewer.

You collected 138 gold pieces.

Inventory:

Hand Weapons
 l - a +2 spectral quarterstaff (weapon)
Missiles
 d - a throwing net
 p - 8 poisoned darts (quivered)
Jewellery
 i - a ring of protection from cold (left tentacle)
 k - a ring of fire
 u - a +4 ring of protection (right tentacle)
Talismans
 b - a beast talisman (active)
 c - a flux talisman
 j - a dragon-blood talisman
Scrolls
 h - 3 scrolls of identify {unknown}
 o - 3 scrolls of teleportation {unknown}
 q - a scroll of enchant weapon {unknown}
 r - a scroll of brand weapon {unknown}
 s - a scroll of poison {unknown}
 v - a scroll of vulnerability {unknown}
Potions
 a - a potion of lignification {!q}
 e - a potion of degeneration
 f - a potion of magic {unknown}
 g - a potion of curing
 m - a potion of enlightenment {unknown}
 n - a potion of brilliance {unknown}
 t - a potion of attraction {unknown}


   Skills:
 + Level 2.4 Fighting
 + Level 3.1 Dodging
 * Level 4.7 Unarmed Combat
 + Level 2.2 Invocations
 * Level 4.2 Shapeshifting


You had 5 spell levels left.
You didn't know any spells.
Your spell library contained the following spells:

 Spells                   Type           Power      Damage    Failure   Level
 Magic Dart               Conj           0%         1d3       41%         1
 Call Imp                 Summ           0%         N/A       54%         2
 Ensorcelled Hibernation  Hex/Ice        0%         N/A       54%         2
 Scorch                   Fire           0%         2d5       54%         2
 Hailstorm                Conj/Ice       0%         3d3       78%         3
 Mephitic Cloud           Conj/Pois/Air  0%         N/A       78%         3
 Stone Arrow              Conj/Erth      0%         3d7       78%         3
 Anguish                  Hex/Necr       0%         N/A       99%         4
 Flame Wave               Conj/Fire      0%         2d4       99%         4
 Iskenderun's Mystic Bla  Conj/Tloc      0%         2d3       99%         4
 Yara's Violent Unravell  Hex/Tmut       0%         3d3       100%        5
 Starburst                Conj/Fire      0%         6d3       100%        6
 Summon Cactus Giant      Summ           0%         N/A       100%        6
 Lehudib's Crystal Spear  Conj/Erth      0%         10d2      100%        8
 Animate Armour           Summ/Erth      Unusable   N/A       N/A         4

Dungeon Overview and Level Annotations

Branches:
Dungeon (4/15)              Sewer (1/1)
 Temple: D:4-7

Altars:
Okawaru
Uskayaw

Shops:
D:3 :


Innate Abilities, Weirdness & Mutations

You are a hulking beast.
Your limbs bulge with bestial killing power. (Slay +2)
You cannot wear most types of armour.
You are amphibious.
You can wear up to eight rings at the same time.
Your skin changes colour to match your surroundings (Stealth+).
Your rubbery body absorbs attacks. (AC +1, EV +1)
((You are camouflaged when in or above water. (Stealth+)))
You have tentacles for arms and can constrict up to eight enemies at once.


Message History

The curare-tipped dart hits you.
You are more poisoned.
You have difficulty breathing.
You feel as though you will be slow longer.
The kobold hits you but does no damage.
* * * LOW HITPOINT WARNING * * *
You feel extremely sick.
The kobold brigand hits you with a +0 short sword.
* * * LOW HITPOINT WARNING * * *
The kobold hits you but does no damage.
Unknown command.
It was a potion of degeneration.
There was something very wrong with that liquid.
You feel weakened.
You feel dopey.
You feel clumsy.
* * * LOW HITPOINT WARNING * * *
You feel very sick. The kobold brigand closely misses you.
The kobold hits you with a +0 dagger.
* * * LOW HITPOINT WARNING * * *
The kobold brigand hits you but does no damage.
The kobold hits you but does no damage.
It was a potion of curing.
You feel better.
The kobold brigand hits you with a +0 short sword.
* * * LOW HITPOINT WARNING * * *
The kobold misses you.
Unknown command.
You hit the kobold brigand. Your grab misses the kobold brigand.
The kobold brigand is lightly wounded.
Your +2 spectral quarterstaff hits the kobold brigand!
The kobold brigand hits you with a +0 short sword.
* * * LOW HITPOINT WARNING * * *
The kobold hits you but does no damage. The kobold brigand misses you.
The kobold hits you but does no damage.
You closely miss the kobold brigand. Your grab misses the kobold brigand.
The kobold brigand is heavily wounded.
Your +2 spectral quarterstaff barely misses the kobold brigand.
The kobold brigand hits you with a +0 short sword.
* * * LOW HITPOINT WARNING * * *
The kobold closely misses you.
The kobold brigand hits you with a +0 short sword.
You die...

###
#######..
##..(K#.#
##.~..h..#
#.~≈~K...##
#..~......#
##.......##
#####.####
#.~~....#
#~~~~~~.#
#.~≈≈≈~.#
#.~≈≈≈~.#


You could see a kobold brigand, a kobold and a friendly +2 spectral
quarterstaff.

Vanquished Creatures
  An orc warrior (D:4)
  2 hounds (D:4)
  Jessica (D:2)
  An orc wizard (D:4)
  6 adders
  2 river rats (Sewer)
  4 worms
  3 dart slugs (D:1)
  8 orcs
  10 endoplasms
  3 giant cockroaches
  7 goblins
  11 hobgoblins
  2 kobolds
  3 quokkas
  8 ball pythons
  6 bats
  A frilled lizard (D:2)
  4 rats
83 creatures vanquished.

Notes
Turn   | Place    | Note
-------+----------+-------------------------------------------
     0 | D:1      | mopl the Octopode Shapeshifter began the quest for the Orb.
     0 | D:1      | Reached XP level 1. HP: 13/13 MP: 1/1
    94 | D:1      | Reached XP level 2. HP: 6/18 MP: 2/2
   172 | D:1      | Got the Lectures on the Doomed Shot
   224 | D:1      | Found a faded altar of an unknown god.
   234 | D:1      | Reached XP level 3. HP: 15/23 MP: 3/3
   239 | D:1      | Prayed at the altar of an unknown god.
   239 | D:1      | Became a worshipper of Uskayaw the Reveller
   239 | D:1      | Reached * piety under Uskayaw
   397 | D:1      | Reached ** piety under Uskayaw
   795 | D:2      | Reached XP level 4. HP: 24/28 MP: 4/4
   875 | D:2      | Reached skill level 1 in Invocations
  1290 | D:2      | Noticed Jessica
  1298 | D:2      | Killed Jessica
  1299 | D:2      | Reached skill level 4 in Unarmed Combat
  1299 | D:2      | Reached XP level 5. HP: 34/34 MP: 4/6
  1809 | D:3      | Found an iron altar of Okawaru.
  1809 | D:3      | Found a hide-covered altar of Uskayaw.
  1810 | D:3      | Found Ytta's Book Shoppe.
  1915 | D:3      | You fall into a shaft and drop 1 floor!
  1961 | D:4      | Reached skill level 2 in Fighting
  1981 | D:4      | Reached *** piety under Uskayaw
  2019 | D:4      | Reached skill level 4 in Shapeshifting
  2019 | D:4      | Reached XP level 6. HP: 36/39 MP: 7/7
  2034 | D:4      | Noticed an orc warrior
  2048 | D:4      | Killed an orc warrior
  2049 | D:4      | Reached skill level 3 in Dodging
  2049 | D:4      | Reached skill level 2 in Invocations
  2063 | D:4      | Found a glowing drain.
  2080 | Sewer    | Entered a sewer
  2144 | Sewer    | HP: 1/41 [kobold/+0 dagger (2)]
  2147 | Sewer    | Slain by a kobold brigand

Illustrated notes

Levels and vault maps discovered:
D:1:      dpeg_arrival_another_circle, layout_loops_ring,
          chequers_ecumenical_altar_simple, minmay_bisected
D:2:      layout_loops_cross, minmay_misc_feat_cross, uniq_jessica
D:3:      layout_loops_corners, mainiacjoe_overflow_six_doors_small,
          grunt_temple_overflow_open, serial_shops, nicolae_shop_crystal
D:4:      layout_rooms, minmay_temple_entry_glass, serial_corexii_hall,
          chequers_hall_statues_y, corexii_hall_statues_deadend,
          corexii_hall_statues_deadend, chequers_hall_statues_y,
          cheibrodos_sewer_entry_sluice, nicolae_underground_beach
Sewer:    sewer_kobolds

Skill      XL: |  1  2  3  4  5  6 |
---------------+-------------------+-----
Invocations    | 1 2 |  2.2
Unarmed Combat | 4 |  4.7
Fighting       | 2 |  2.4
Shapeshifting  | 4 |  4.2
Dodging        | 3 |  3.1

Action                     |  1- 3 |  4- 6 || total
---------------------------+-------+-------++-------
  Melee: Unarmed           |    80 |    15 ||    95
         Tentacles         |    14 |    15 ||    29
         Constrict         |    17 |    21 ||    38
         Punch             |     2 |     1 ||     3
         Quarterstaff      |       |    57 ||    57
    Use: Potion            |       |     2 ||     2
   Stab: Sleeping          |     6 |    16 ||    22
 Armour: Skin              |     9 |    12 ||    21
  Dodge: Dodged            |    48 |    42 ||    90
   Form: Flux              |     1 |       ||     1
         Beast             |     1 |       ||     1

Table legend: (Time is in decaauts)
 A = Elapsed time spent in this place.
 B = Non-inter-level travel time spent in this place.
 C = Inter-level travel time spent in this place.
 D = Time resting spent in this place.
 E = Time spent auto-exploring this place.
 F = Levels seen in this place.
 G = Mean time per level.
                   A        B        C        D        E       F      G
               +--------+--------+--------+--------+--------+-----+--------+
         Total |   2158 |   2125 |     33 |    160 |   1409 |   5 |  431.6 |
       Dungeon |   2087 |   2054 |     33 |    160 |   1363 |   4 |  521.8 |
         Sewer |     71 |     71 |      0 |      0 |     46 |   1 |   71.0 |
               +--------+--------+--------+--------+--------+-----+--------+

Top non-repeatable levels by time:
     D:1: 731 daAuts
     D:2: 722 daAuts
     D:3: 459 daAuts
     D:4: 173 daAuts
   Sewer: 71 daAuts
